 Dungeon Crawl Stone Soup version 0.17-a0-1248-g117de50 (webtiles) character file.

35443 RobertPalmer the Severer (level 13, -17/99 HPs)
             Began as a Deep Dwarf Gladiator on June 5, 2015.
             Was the Champion of Makhleb.
             Demolished by a boulder beetle (30 damage)
             ... on level 13 of the Dungeon.
             The game lasted 00:48:30 (15202 turns).

RobertPalmer the Severer (Deep Dwarf Gladiator)    Turns: 15202, Time: 00:48:31

Health: -17/99     AC: 21    Str: 19    XL:     13   Next: 47%
Magic:  5/5        EV: 13    Int: 10    God:    Makhleb [******]
Gold:   464        SH:  0    Dex: 17    Spells: 0 memorised, 12 levels left

rFire  + . .     SeeInvis .     a - +4 battleaxe (elec)
rCold  . . .     Clarity  .     t - +3 chain mail {MR+}
rNeg   . . .     SustAt   .     (no shield)
rPois  .         Gourm    .     c - +0 helmet
rElec  .         Spirit   .     R - +2 cloak
rCorr  .         Warding  .     (no gloves)
rMut   .         Stasis   .     z - +0 pair of boots
MR     ++...                    m - amulet of rage {+Rage, !d}
Stlth  ..........               w - ring of protection from fire {rF+, !d}
                                v - +2 ring of protection

@: confused, non-regenerating, very resistant to hostile enchantments, extremely
unstealthy
A: damage resistance, recharge devices, sense surroundings 2, slow healing 3
a: Device Recharging, Minor Destruction, Lesser Servant of Makhleb, Major
Destruction, Greater Servant of Makhleb, Renounce Religion, Evoke Berserk Rage


You were on level 13 of the Dungeon.
You worshipped Makhleb.
Makhleb was exalted by your worship.
You were hungry.

You visited 3 branches of the dungeon, and saw 19 of its levels.
You also visited: Bailey.

You collected 1958 gold pieces.
You spent 1494 gold pieces at shops.

Inventory:

Hand weapons
 a - a +4 battleaxe of electrocution (weapon)
   (You took it off Rupert on level 2 of the Orcish Mines)
 b - a +0 blowgun
   (You took it off a kobold on level 9 of the Dungeon)
 h - a +1 war axe of flaming
   (You took it off an orc knight on level 4 of the Orcish Mines)
Missiles
 d - a throwing net {=f, !d}
 x - 12 curare-tipped needles
 D - 18 poisoned needles
Armour
 c - a +0 helmet (worn)
 t - a +3 chain mail of magic resistance (worn)
   (You bought it in a shop on level 7 of the Dungeon)
 z - a +0 pair of boots (worn)
   (You bought it in a shop on level 7 of the Dungeon)
 R - a +2 cloak (worn)
   (You found it on level 13 of the Dungeon)
Jewellery
 m - an amulet of rage (around neck) {+Rage, !d}
   (You found it on level 11 of the Dungeon)
 s - a cursed ring of teleportation {+/*tele, !d}
   (You found it on level 2 of the Dungeon)
 v - a +2 ring of protection (left hand)
   (You found it on level 2 of the Dungeon)
 w - a ring of protection from fire (right hand) {rF+, !d}
   (You found it on level 6 of the Dungeon)
Magical devices
 e - a wand of heal wounds (0)
 r - a wand of heal wounds (0)
   (You found it on level 11 of the Dungeon)
 A - a wand of teleportation (0)
   (You found it on level 10 of the Dungeon)
Scrolls
 j - 6 scrolls of remove curse
 l - 2 scrolls of magic mapping {!r}
 p - a scroll of fog
 G - 10 scrolls of identify
 J - a scroll of amnesia
Potions
 k - 2 potions of resistance
 n - 2 potions of cancellation
 u - a potion of flight
 I - a potion of cure mutation {!q}
 M - a potion of curing
 O - a potion of magic
 Q - a potion of invisibility
Comestibles
 f - 9 bread rations {@e1}
 g - 12 fruits
 B - a royal jelly
 E - 8 slices of pizza
 K - 2 meat rations {@e2}


   Skills:
 - Level 1.7 Fighting
 + Level 20.5 Axes
 - Level 1.7 Throwing
 - Level 7.9 Armour
 - Level 8.9 Dodging
 - Level 5.4 Evocations


You had 12 spell levels left.
You didn't know any spells.

Dungeon Overview and Level Annotations

Branches:
Dungeon (14/15)            Temple (1/1) D:6            Lair (0/8) D:8
    Orc (4/4) D:11            Elf (0/3) Orc:3        Vaults (0/5) D:14

Altars:
Ashenzari
Cheibriados
Dithmenos
Elyvilon
Fedhas
Gozag
Kikubaaqudgha
Makhleb
Nemelex Xobeh
Okawaru
Ru
Sif Muna
Trog
Vehumet
Xom
Yredelemnul
Zin
The Shining One

Shops:
D:7 [   D:9 (   Orc:2 (   Orc:3 *   Orc:4 }

Annotations:
D:5 1 runed door
D:6 Grinder


Innate Abilities, Weirdness & Mutations

You are resistant to damage.
You can recharge devices by infusing magical energy.
You passively map the area around you.
You do not heal naturally.


Message History

Your life force feels restored.
No target in view!
No target in view!
You climb downwards.
The human barely misses you. The human closely misses you.
The human barely misses you. x2
The human closely misses you.
There is a stone staircase leading up here.
The boulder beetle twitches its antennae in your direction.
The salamander stormcaller gestures at you while chanting.
A raging storm of fire appears!
The great blast of fire engulfs you! You partially resist.
The great blast of fire engulfs the human. x2
The human dies!
The great blast of fire engulfs the human. x2
The human dies!
The great blast of fire engulfs the shadow imp.
The shadow imp dies!
The great blast of fire engulfs the salamander stormcaller.
The salamander stormcaller partially resists.
The human is engulfed in roaring flames.
The human dies!
The human is engulfed in roaring flames.
The human dies!
The salamander stormcaller casts a spell at you.
The sticky flame hits you!
You are covered in liquid flames!
You hear a shout!
You hear an angry hiss.
You hear a shout!
You hear a shout!
You hear a shout!
You climb upwards.
You are covered in liquid flames!
There is a stone staircase leading down here.
You take 8 damage, and have 91/99 hp.
You start waiting.
You are covered in liquid flames!
Unknown command.
You are covered in liquid flames!
All of the chunks of flesh in your inventory have rotted away.
You climb downwards.
You are covered in liquid flames!
A tarantella comes into view.
There is a stone staircase leading up here.
The tarantella hisses angrily.
You climb upwards.
There is a stone staircase leading down here.
You start waiting.
You are feeling hungry.
Unknown command.
You climb downwards.
The tarantella closely misses you. The tarantella bites you.
A troll comes into view.
There is a stone staircase leading up here.
You take 1 damage, and have 90/99 hp.
The tarantella completely misses you. The boulder beetle bites you!!
You climb upwards.
There is a stone staircase leading down here.
You take 24 damage, and have 66/99 hp.
MASSIVE DAMAGE!!
You hit the boulder beetle. You miss the tarantella.
The tarantella barely misses you.
You slash the boulder beetle!
There is a sudden explosion of sparks!
You miss the tarantella.
The tarantella bites you but does no damage.
The boulder beetle barely misses you. The tarantella bites you!
You are confused.
You take 8 damage, and have 58/99 hp.
You're too confused to move!
The tarantella closely misses you.
You miss the tarantella.
You hit the boulder beetle but do no damage.
The tarantella bites you.
You are more confused.
The boulder beetle bites you!
You take 18 damage, and have 40/99 hp.
You bump into the rock wall.
The tarantella bites you!
* * * LOW HITPOINT WARNING * * *
You are more confused.
The tarantella bites you but does no damage.
You take 11 damage, and have 29/99 hp.
Drink which item? (? for menu, Esc to quit)
You feel better. The tarantella bites you.
You are confused.
The boulder beetle bites you!
* * * LOW HITPOINT WARNING * * *
You take 5 damage, and have 24/99 hp.
You bump into the rock wall.
The tarantella bites you!
* * * LOW HITPOINT WARNING * * *
The boulder beetle bites you. The tarantella bites you.
* * * LOW HITPOINT WARNING * * *
You take 11 damage, and have 13/99 hp.
Unknown command.
You're too confused!
Drink which item? (? for menu, Esc to quit)
You feel better. The tarantella bites you!
* * * LOW HITPOINT WARNING * * *
You are confused.
Okay, then.
Nothing appears to happen.
This wand has 0 charges left.
The tarantella bites you but does no damage.
The boulder beetle bites you!!
You die...

...##....## ###
######....#######
#.#
##.........###.##
#..............#
##..........####
#..........#
#.........##
#.......B.#
#........@#
#........s#
#.........#
#.........#
#.........# #
#####.....# #
###...# # ##..# #
#).#


You could see a boulder beetle and a tarantella.

Vanquished Creatures
  Rupert (Orc:2)
  Donald (D:14)
  An angel (Orc:4)
  Josephine (D:13)
  A hydra (D:11)
  2 centaur warriors (D:13)
  Erolcha (D:9)
  2 orc high priests (Orc:4)
  An ogre mage (D:11)
  Sonja (Orc:2)
  2 orc knights
  5 hill giants
  An orc sorcerer (Orc:4)
  An ugly thing (D:13)
  A cyclops (D:13)
  A griffon (D:13)
  4 gargoyles
  4 centaur skeletons
  An efreet (D:13)
  A kobold demonologist (D:13)
  A troll (D:13)
  Prince Ribbit (D:9)
  A two-headed ogre (D:11)
  6 wraiths
  A slime creature (D:13)
  A shadow (D:7)
  7 yaks
  11 humans
  A hog (D:8)
  5 hippogriffs
  Grum (D:11)
  A deep elf mage (D:9)
  A soldier ant (D:13)
  3 wolves (D:11)
  Menkaure (D:4)
  Edmund (D:4)
  2 wargs
  The ghost of patman2 the Cutter, an average VSBe of Trog (D:4)
  A porcupine (D:8)
  An eye of draining (D:9)
  8 spiders (D:9)
  A black bear (D:12)
  3 centaurs
  4 sky beasts
  28 orc warriors
  2 phantoms
  2 ice beasts
  2 necrophages
  A wasp (D:11)
  12 ogres
  A big kobold (D:9)
  9 giant frogs
  A wyvern zombie (D:11)
  A gnoll sergeant (D:7)
  A water moccasin skeleton (D:9)
  4 scorpions
  7 wights
  15 killer bees
  A centaur zombie (D:7)
  A giant frog zombie (D:12)
  3 crimson imps
  A jelly (D:11)
  28 orc priests
  An iguana (D:8)
  2 giant frog skeletons
  Jessica (D:2)
  18 orc wizards
  2 hell rats (D:8)
  5 hounds
  14 worker ants
  4 sheep
  A hound zombie (D:11)
  2 hound skeletons
  A worker ant zombie (D:5)
  12 adders
  21 gnolls
  A river rat (D:8)
  A giant eyeball (D:10)
  2 oozes
  An adder skeleton (D:7)
  2 giant geckos
  148 orcs
  2 ball pythons
  7 giant cockroaches
  30 hobgoblins
  7 quokkas
  12 bats
  2 giant gecko skeletons
  5 giant newts
  20 goblins
  11 jackals
  A jackal skeleton (D:5)
  2 jackal zombies (D:5)
  25 kobolds
  A quokka skeleton (D:4)
  19 rats
  A spectral orc (D:3)
601 creatures vanquished.

Vanquished Creatures (collateral kills)
  2 orc high priests (Orc:4)
  2 orc knights (Orc:4)
  An ogre (D:10)
  6 orc warriors (Orc:4)
  6 orc priests (Orc:4)
  5 orcs (Orc:4)
22 creatures vanquished.

Vanquished Creatures (others)
  A troll (D:13)
  4 humans (D:14)
  An orc warrior (Orc:4)
  A crimson imp (D:6)
  A shadow imp (D:14)
8 creatures vanquished.

Grand Total: 631 creatures vanquished

Notes
Turn   | Place    | Note
--------------------------------------------------------------
     0 | D:1      | RobertPalmer the Deep Dwarf Gladiator began the quest for the Orb.
     0 | D:1      | Reached XP level 1. HP: 19/19 MP: 1/1
   310 | D:1      | Reached skill level 4 in Axes
   310 | D:1      | Reached XP level 2. HP: 20/26 MP: 2/2
   462 | D:1      | HP: 3/26 [gnoll/halberd (10)]
   616 | D:1      | Reached XP level 3. HP: 32/32 MP: 3/3
   999 | D:2      | Reached skill level 5 in Axes
  1050 | D:2      | Found a sparkling altar of Nemelex Xobeh.
  1125 | D:2      | Noticed Jessica
  1128 | D:2      | Killed Jessica
  1128 | D:2      | Reached XP level 4. HP: 29/39 MP: 4/4
  1387 | D:2      | Reached skill level 6 in Axes
  1610 | D:3      | Found a shattered altar of Ashenzari.
  1716 | D:3      | Reached XP level 5. HP: 35/45 MP: 5/5
  1772 | D:3      | Reached skill level 7 in Axes
  1890 | D:3      | Found a basalt altar of Yredelemnul.
  1956 | D:3      | Reached XP level 6. HP: 39/52 MP: 5/5
  1979 | D:3      | Reached skill level 8 in Axes
  2284 | D:3      | Found a radiant altar of Vehumet.
  2307 | D:3      | Found a shimmering altar of Xom.
  2330 | D:3      | Found a shadowy altar of Dithmenos.
  2571 | D:3      | Reached XP level 7. HP: 45/58 MP: 6/6
  2633 | D:4      | Noticed patman2's ghost (average VSBe)
  2644 | D:4      | Killed patman2's ghost
  2644 | D:4      | Reached skill level 9 in Axes
  2664 | D:4      | Noticed Menkaure
  2676 | D:4      | HP: 12/58 [??? (6)]
  2681 | D:4      | Killed Menkaure
  3063 | D:4      | Noticed Edmund
  3098 | D:4      | Reached skill level 10 in Axes
  3116 | D:4      | Killed Edmund
  3116 | D:4      | Reached XP level 8. HP: 30/66 MP: 7/7
  3372 | D:5      | Entered Level 5 of the Dungeon
  3393 | D:5      | Found a runed door.
  3398 | D:5      | Found a basalt altar of Yredelemnul.
  3462 | D:5      | Reached skill level 11 in Axes
  3872 | D:6      | Found a staircase to the Ecumenical Temple.
  3946 | D:6      | Noticed Grinder
  4006 | D:7      | Found Wiusad's Armour Emporium.
  4043 | D:7      | Bought a +1 chain mail of magic resistance for 214 gold pieces
  4043 | D:7      | Bought a +0 pair of boots for 58 gold pieces
  4125 | D:7      | Found a sparkling altar of Nemelex Xobeh.
  4251 | D:7      | Reached skill level 12 in Axes
  4733 | D:7      | Gained mutation: You passively map the area around you. [Deep Dwarf growth]
  4733 | D:7      | Reached XP level 9. HP: 54/73 MP: 7/7
  4914 | D:7      | Reached skill level 13 in Axes
  5283 | Temple   | Entered the Ecumenical Temple
  5350 | D:6      | You fall through a shaft!
  5350 | D:8      | Found a staircase to the Lair.
  5666 | D:8      | Reached skill level 14 in Axes
  6303 | D:9      | HP: 17/73 [deep elf mage/shard of ice (22)]
  6308 | D:9      | HP: 16/73 [wraith (1)]
  6316 | D:9      | Reached skill level 15 in Axes
  6467 | D:9      | HP: 14/73 [orc warrior/halberd (13)]
  6479 | D:9      | Reached XP level 10. HP: 27/80 MP: 6/6
  6599 | D:9      | Found a snail-covered altar of Cheibriados.
  6602 | D:9      | Found an iron altar of Okawaru.
  6604 | D:9      | Found a white marble altar of Elyvilon.
  6628 | D:9      | Noticed Prince Ribbit
  6651 | D:9      | Killed Prince Ribbit
  6719 | D:9      | Found Huoprobb's Antique Weapon Emporium.
  6725 | D:9      | Bought an ivory hand axe for 264 gold pieces
  6791 | D:9      | Identified the cursed +3 hand axe of Dawn {flame, rC- Str+7} (You bought it in a shop on level 9 of the Dungeon)
  6839 | D:9      | Noticed Erolcha
  6857 | D:9      | HP: 16/80 [something/bolt of poison (9)]
  6870 | D:9      | HP: 4/80 [something (17)]
  6875 | D:9      | Killed Erolcha
  6938 | D:9      | Reached skill level 16 in Axes
  7144 | D:9      | Found a burning altar of Makhleb.
  7172 | D:9      | Became a worshipper of Makhleb the Destroyer
  7551 | D:10     | Entered Level 10 of the Dungeon
  7645 | D:10     | Acquired Makhleb's first power
  8147 | D:10     | Reached skill level 17 in Axes
  8221 | D:10     | HP: 19/80 [yak (9)]
  8232 | D:10     | HP: 11/80 [yak (8)]
  8233 | D:10     | HP: 3/80 [yak (8)]
  8235 | D:10     | HP: 1/80 [yak (2)]
  8458 | D:11     | Reached skill level 1 in Armour
  8487 | D:11     | Reached XP level 11. HP: 62/86 MP: 4/4
  8498 | D:11     | HP: 16/86 [orc priest/divine providence (12)]
  8501 | D:11     | Reached skill level 2 in Armour
  8504 | D:11     | Acquired Makhleb's second power
  8537 | D:11     | Found a staircase to the Orcish Mines.
  8598 | D:11     | Noticed Grum
  8603 | D:11     | Noticed an ogre mage
  8609 | D:11     | Killed Grum
  8612 | D:11     | Reached skill level 3 in Armour
  8629 | D:11     | Killed an ogre mage
  8629 | D:11     | Reached skill level 4 in Armour
  8826 | D:11     | Noticed a six-headed hydra
  9000 | Orc:1    | Entered Level 1 of the Orcish Mines
  9118 | Orc:1    | Acquired Makhleb's third power
  9430 | Orc:2    | Noticed Rupert
  9444 | Orc:2    | Noticed Sonja
  9482 | Orc:2    | Found Boydufre's Weapon Shop.
  9488 | Orc:2    | Reached skill level 5 in Armour
  9635 | Orc:3    | Found Ostraog's Assorted Antiques.
  9640 | Orc:3    | Bought a potion of might for 136 gold pieces
  9640 | Orc:3    | Bought a scroll labeled CUIMNU JALAO for 34 gold pieces
  9640 | Orc:3    | Bought a scroll of identify for 68 gold pieces
  9649 | Orc:3    | Acquired Makhleb's fourth power
  9663 | Orc:3    | Found a flagged portal.
  9664 | Orc:3    | Found a staircase to the Elven Halls.
  9678 | Bailey   | Entered a bailey
  9762 | Bailey   | HP: 13/86 [gnoll/halberd of electrocution (14)]
  9800 | Bailey   | Acquired Makhleb's fifth power
  9914 | Orc:3    | Reached skill level 6 in Armour
 10077 | Orc:4    | Entered Level 4 of the Orcish Mines
 10250 | Orc:3    | Found a bloodstained altar of Trog.
 10258 | Orc:3    | Reached skill level 18 in Axes
 10663 | Orc:4    | Found Sibrudun's Gadget Shop.
 10679 | Orc:4    | Bought a plain deck of defence for 210 gold pieces
 10679 | Orc:4    | Bought an ornate deck of escape for 300 gold pieces
 10679 | Orc:4    | Bought a plain deck of summoning for 210 gold pieces
 10879 | Orc:4    | HP: 21/86 [orc warrior/glaive (16)]
 10915 | Orc:4    | Noticed an orc high priest
 10920 | Orc:4    | HP: 21/86 [orc knight/enchanted great sword (1)]
 10929 | Orc:4    | Reached skill level 7 in Armour
 10931 | Orc:4    | Killed an orc high priest
 10961 | Orc:4    | Noticed an orc high priest
 10967 | Orc:4    | Noticed an orc high priest
 10973 | Orc:4    | Killed an orc high priest
 10983 | Orc:4    | HP: 18/86 [orc priest/divine providence (9)]
 10990 | Orc:4    | HP: 19/86 [orc knight/bolt (4)]
 10991 | Orc:4    | Noticed a soul eater
 10991 | Orc:4    | HP: 5/86 [smoke demon/divine providence[an orc high priest] (14)]
 11015 | Orc:4    | HP: 16/86 [orc high priest/divine providence (11)]
 11196 | Orc:4    | Killed an orc high priest
 11220 | Orc:4    | Reached XP level 12. HP: 78/93 MP: 1/1
 11291 | Orc:4    | Noticed an orc high priest
 11293 | Orc:4    | Noticed an orc high priest
 11295 | Orc:4    | Noticed an angel
 11295 | Orc:4    | Noticed a daeva
 11295 | Orc:4    | Noticed an angel
 11296 | Orc:4    | Reached skill level 4 in Dodging
 11467 | D:11     | Killed a one-headed hydra
 11606 | D:11     | Noticed a frost giant
 11607 | D:11     | Noticed a green ugly thing
 11932 | D:12     | Reached skill level 5 in Dodging
 12053 | D:12     | Reached skill level 6 in Dodging
 12230 | D:12     | Reached skill level 19 in Axes
 12580 | D:13     | Noticed a centaur warrior
 12598 | D:13     | Killed a centaur warrior
 12687 | D:13     | Reached skill level 7 in Dodging
 12808 | D:13     | HP: 23/93 [gargoyle/flail (1)]
 12945 | D:13     | Noticed Josephine
 12953 | D:13     | Killed Josephine
 12953 | D:13     | Reached skill level 8 in Dodging
 13553 | D:14     | Found a gate to the Vaults.
 13553 | D:14     | Noticed Donald
 13579 | D:14     | Noticed a centaur warrior
 13579 | D:14     | Noticed a centaur warrior
 13581 | D:14     | Noticed a centaur warrior
 13624 | D:13     | Reached skill level 1 in Evocations
 13763 | D:14     | Reached skill level 2 in Evocations
 13765 | D:14     | Reached XP level 13. HP: 94/99 MP: 2/2
 13776 | D:14     | Reached skill level 3 in Evocations
 13787 | D:14     | Reached skill level 4 in Evocations
 13799 | D:13     | Killed a centaur warrior
 13878 | D:13     | Reached skill level 5 in Evocations
 14105 | Orc:2    | Killed Sonja
 14182 | Orc:2    | Killed Rupert
 14182 | Orc:2    | Reached skill level 20 in Axes
 14739 | Orc:4    | HP: 18/99 [angel/sacred scourge of holy wrath[the Shining One] (13)]
 14745 | Orc:4    | Killed an angel
 14822 | Orc:4    | HP: 19/99 [angel/sacred scourge of holy wrath[the Shining One] (9)]
 14838 | Orc:4    | Killed an orc high priest
 15091 | D:14     | Killed Donald
 15199 | D:13     | HP: 24/99 [boulder beetle (9)]
 15202 | D:13     | Demolished by a boulder beetle

Vault maps used:
D:1:      lemuel_arrival_funnel
D:2:      lemuel_doored_altar, uniq_jessica
D:3:      nicolae_ashenzari_panopticon, lemuel_coloured_pillars_altar,
          nicolae_dithmenos_through_a_glass_darkly, lemuel_crystal_altar,
          yredelemnul_forgotten_temple_becter, minmay_misc_feat_iff,
          minivault_23
D:4:      first_bread, kennysheep_generic_room_2, uniq_edmund, uniq_menkaure
D:5:      dk_yredelemnul_ordeal
D:6:      kennysheep_little_box, temple_statues, uniq_grinder
D:7:      serial_shops, shop, basic_altar
D:8:      dpeg_lair_monsters, grunt_livestock, kennysheep_generic_room_8
D:9:      lightli_temple_of_fire, grunt_temple_overflow_diamond, serial_shops,
          shop, spider_trap, nrook_pool_corridor, uniq_prince_ribbit1,
          uniq_erolcha
D:10:     erik_rubicon_a
D:11:     erik_orc_3, kennysheep_island_fort, uniq_grum
D:12:     roderic_serpentine_path
D:13:     hangedman_decor_points, uniq_josephine
D:14:     david_vaults_3, minmay_misc_feat_five
Temple:   minmay_temple_bridge_a_8
Orc:2:    serial_shops, nicolae_shop_trees, uniq_rupert, uniq_sonja
Orc:3:    serial_shops, shop, enter_bailey_2, nicolae_orc_pool_cavern,
          trog_butcher_becter
Orc:4:    st_orc_pillars, serial_shops, shop, nicolae_orc_crystal_geode
Bailey:   bailey_axe_2, bailey

Action                   |  1- 3 |  4- 6 |  7- 9 | 10-12 | 13-15 || total
-------------------------+-------+-------+-------+-------+-------++-------
Melee: War axe           |    79 |   188 |   529 |   289 |       ||  1085
       Battleaxe         |       |       |       |   713 |   173 ||   886
 Fire: Blowgun           |       |       |       |       |    17 ||    17
Throw: Throwing net      |       |     3 |     3 |       |       ||     6
 Abil: Device Recharging |       |     1 |     3 |     8 |       ||    12
       Evoke Berserk Rag |       |       |       |       |     1 ||     1
Evoke: Wand              |     3 |     5 |    18 |    41 |     9 ||    76
       Deck              |       |       |       |    32 |     3 ||    35
  Use: Scroll            |     1 |     3 |     6 |    21 |     1 ||    32
       Potion            |       |     5 |     7 |    11 |     5 ||    28
 Stab: Sleeping          |       |     3 |       |       |       ||     3
       Held in net/web   |       |       |     2 |       |       ||     2
       Invisible         |       |       |     1 |       |       ||     1
  Eat: Chunk             |     1 |     4 |    10 |    23 |     2 ||    40
       Beef jerky        |       |       |     3 |     3 |       ||     6

Vault maps used:
D:1:      lemuel_arrival_funnel
D:2:      lemuel_doored_altar, uniq_jessica
D:3:      nicolae_ashenzari_panopticon, lemuel_coloured_pillars_altar,
          nicolae_dithmenos_through_a_glass_darkly, lemuel_crystal_altar,
          yredelemnul_forgotten_temple_becter, minmay_misc_feat_iff,
          minivault_23
D:4:      first_bread, kennysheep_generic_room_2, uniq_edmund, uniq_menkaure
D:5:      dk_yredelemnul_ordeal
D:6:      kennysheep_little_box, temple_statues, uniq_grinder
D:7:      serial_shops, shop, basic_altar
D:8:      dpeg_lair_monsters, grunt_livestock, kennysheep_generic_room_8
D:9:      lightli_temple_of_fire, grunt_temple_overflow_diamond, serial_shops,
          shop, spider_trap, nrook_pool_corridor, uniq_prince_ribbit1,
          uniq_erolcha
D:10:     erik_rubicon_a
D:11:     erik_orc_3, kennysheep_island_fort, uniq_grum
D:12:     roderic_serpentine_path
D:13:     hangedman_decor_points, uniq_josephine
D:14:     david_vaults_3, minmay_misc_feat_five
Temple:   minmay_temple_bridge_a_8
Orc:2:    serial_shops, nicolae_shop_trees, uniq_rupert, uniq_sonja
Orc:3:    serial_shops, shop, enter_bailey_2, nicolae_orc_pool_cavern,
          trog_butcher_becter
Orc:4:    st_orc_pillars, serial_shops, shop, nicolae_orc_crystal_geode
Bailey:   bailey_axe_2, bailey

Table legend:
 A = Turns spent in this place as a percentage of turns spent in the entire game.
 B = Non-inter-level travel turns spent in this place as a percentage of non-inter-level travel turns spent in the entire game.
 C = Inter-level travel turns spent in this place as a percentage of turns spent in this place.
 D = Turns resting spent in this place as a percentage of non-inter-level travel turns spent in this place.
 E = Turns spent auto-exploring this place as a percentage of non-inter-level travel turns spent in this place.
 F = Non-inter-level travel turns spent in this place divided by the number of levels of this place that you've seen.
                   A       B       C       D       E      F
               +-------+-------+-------+-------+-------+----------------------
         Total | 100.0 | 100.0 |   0.5 |   0.8 |   6.4 | 365.8
       Dungeon |  71.7 |  71.7 |   0.5 |   0.8 |   7.0 | 374.8
        Temple |   0.5 |   0.5 |   0.0 |   0.0 |   0.0 |  38.0
  Orcish Mines |  25.3 |  25.3 |   0.6 |   0.6 |   5.3 | 462.2
        Bailey |   2.5 |   2.5 |   0.0 |   1.1 |   0.0 | 182.0
               +-------+-------+-------+-------+-------+----------------------

Table legend:
 A = Kills in this place as a percentage of kills in entire the game.
 B = Kills by you in this place as a percentage of kills by you in the entire game.
 C = Kills by friends in this place as a percentage of kills by friends in the entire game.
 D = Other kills in this place as a percentage of other kills in the entire game.
 E = Experience gained in this place as a percentage of experience gained in the entire game.
 F = Experience gained in this place divided by the number of levels of this place that you have seen.
                   A       B       C       D       E      F
               +-------+-------+-------+-------+-------+----------------------
         Total | 100.0 | 100.0 | 100.0 | 100.0 | 100.0 | 2531.6
       Dungeon |  61.6 |  64.0 |   4.5 |  33.3 |  71.5 | 2587.5
        Temple |   0.2 |   0.2 |   0.0 |   0.0 |   0.0 |  14.0
  Orcish Mines |  32.8 |  30.2 |  95.5 |  66.7 |  26.6 | 3368.0
        Bailey |   5.4 |   5.7 |   0.0 |   0.0 |   1.8 | 922.0
               +-------+-------+-------+-------+-------+----------------------
